 Dungeon Crawl Stone Soup version 0.24.1-14-gf8d2b509d9 (webtiles) character file.

Game seed: 12150808959152265953, levelgen mode: deterministic

5690 Descartes the Covert (level 10, -6/44 HPs)
             Began as a Felid Skald on May 25, 2020.
             Was a High Priest of Elyvilon.
             Mangled by a komodo dragon (21 damage)
             ... on level 2 of the Lair of Beasts on May 26, 2020.
             The game lasted 01:13:06 (23600 turns).

Descartes the Covert (Felid Skald)                 Turns: 23600, Time: 01:13:07

Health: -6/44      AC:  2    Str: 10    XL:     10   Next: 47%
Magic:  13/18      EV: 32    Int: 15    God:    Elyvilon [*****.]
Gold:   500        SH:  0    Dex: 16    Spells: 0/19 levels left
                                        Lives:  0   Deaths: 2

rFire    . . .     SeeInvis +     - Unarmed
rCold    . . .     Gourm    .   (shield unavailable)
rNeg     . . .     Faith    .   (armour unavailable)
rPois    .         Spirit   .   (helmet unavailable)
rElec    .         Reflect  .   (cloak unavailable)
rCorr    .         Harm     .   (gloves unavailable)
MR       ++...     Clarity  +   (boots unavailable)
Stlth    +++++.....             (no amulet)
HPRegen  0.14/turn              k - ring of protection from magic
MPRegen  0.16/turn              u - +5 ring of evasion

@: quick
A: very small, no armour, no weapons or thrown items, stealth, claws 1, fangs 3,
see invisible, carnivore, clarity, speed 1, shaggy fur 2, slow metabolism 1,
sharp paws
a: Lesser Healing, Heal Other, Purification, Greater Healing, Divine Vigour,
Divine Protection, Renounce Religion


You were on level 2 of the Lair of Beasts.
You worshipped Elyvilon.
Elyvilon was extremely pleased with you.
You were full.

You visited 3 branches of the dungeon, and saw 14 of its levels.

You collected 500 gold pieces.

Inventory:

Missiles
 a - 207 arrows
 g - 288 stones
Jewellery
 k - a ring of protection from magic (left paw)
 u - a +5 ring of evasion (right paw)
 z - a +3 ring of intelligence
 B - a +2 ring of evasion
 D - an uncursed ring of resist corrosion
 J - an uncursed ring of stealth
Wands
 d - a wand of acid (4)
 n - a wand of disintegration (3)
 q - a wand of iceblast (6)
 x - a wand of random effects (14)
Scrolls
 c - 2 scrolls of noise
 h - a scroll of immolation
 i - 5 scrolls of teleportation
 l - a scroll of enchant armour
 o - 5 scrolls of amnesia
 p - a scroll of enchant weapon
 s - a scroll of magic mapping
 y - 3 scrolls of fog
 A - 6 scrolls of identify
Potions
 e - 2 potions of brilliance
 f - a potion of magic {unknown}
 m - a potion of flight
 t - a potion of resistance
 w - 2 potions of agility
 C - a potion of curing
 F - a potion of might
 G - a potion of heal wounds
Comestibles
 b - 19 rations


   Skills:
 + Level 5.1 Fighting
 + Level 11.1 Dodging
 + Level 11.5 Stealth
 * Level 10.4 Unarmed Combat
 - Level 5.0 Spellcasting
 + Level 4.5 Hexes
 - Level 6.1 Charms
   Level 0.6 Necromancy
 - Level 6.0 Translocations
 + Level 4.9 Evocations


You couldn't memorise any spells.
You knew the following spells:

 Your Spells              Type           Power        Failure   Level  Hunger
a - Infusion              Chrm           ###.         1%          1    None
b - Shroud of Golubria    Chrm/Tloc      ###...       1%          2    ##.....
c - Summon Mana Viper     Hex/Summ       ##......     87%         5    ######.
d - Song of Slaying       Chrm           ###.....     1%          2    ##.....
e - Ice Form              Ice/Tmut       #.......     85%         4    ####...
f - Inner Flame           Hex/Fire       ##......     19%         3    ###....
g - Slow                  Hex            ###.....     3%          2    ##.....

Your spell library contained the following spells:

 Spells                   Type           Power        Failure   Level  Hunger
 Corona                   Hex            ###....      2%          1    None
 Regeneration             Chrm/Necr      ##........   12%         3    ###....
 Summon Butterflies       Summ           #.......     16%         1    None
 Cause Fear               Hex            ###.......   26%         4    ####...
 Call Canine Familiar     Summ           #.......     43%         3    ###....
 Leda's Liquefaction      Hex/Erth       ##........   54%         4    ####...
 Summon Ice Beast         Ice/Summ       #.......     85%         4    ####...
 Metabolic Englaciation   Hex/Ice        ##........   87%         5    ######.
 Bolt of Cold             Conj/Ice       #.........   100%        6    #######
 Freezing Cloud           Conj/Ice/Air   #.........   100%        6    #######
 Ozocubu's Refrigeration  Ice            #.........   100%        6    #######
 Simulacrum               Ice/Necr       #.........   100%        6    #######
 Summon Hydra             Summ           #.........   100%        7    #######
 Portal Projectile        Hex/Tloc       Unusable     N/A         3    N/A
 Spectral Weapon          Hex/Chrm       Unusable     N/A         3    N/A

Dungeon Overview and Level Annotations

Branches:
Dungeon (11/15)            Temple (1/1) D:4            Lair (2/6) D:10
 Spider (0/4) Lair:2          Orc (0/2) D:10
  Swamp: Lair:2-4    Shoals: Lair:2-4

Altars:
Ashenzari
Cheibriados
Dithmenos
Elyvilon
Fedhas
Gozag
Hepliaklqana
Kikubaaqudgha
Makhleb
Nemelex Xobeh
Okawaru
Qazlal
Ru
Sif Muna
Trog
Uskayaw
Vehumet
Wu Jian
Xom
Yredelemnul
Zin
The Shining One

Shops:
D:9 [

Annotations:
D:10 2 runed translucent doors, exclusions: door and orange crystal statue
Lair:2 exclusion: orb spider


Innate Abilities, Weirdness & Mutations

You cannot wear armour.
You are incapable of wielding weapons or throwing items.
Your paws allow you to move quietly. (Stealth)
You have sharp claws.
You have razor-sharp teeth.
You have supernaturally acute eyesight. (SInv)
You are carnivorous and can eat meat at any time.
You cover ground quickly.
You are covered in thick fur. (AC +2)
You have a slow metabolism.
Your sharp claws are effective at attacking unaware monsters.
You possess an exceptional clarity of mind.


Message History

You claw the komodo dragon, but do no damage.
The komodo dragon is moderately wounded.
The komodo dragon completely misses you.
You claw the komodo dragon!
You bite the komodo dragon, but do no damage.
The komodo dragon is heavily wounded.
The komodo dragon misses you.
You barely miss the komodo dragon.
The komodo dragon is heavily wounded.
The komodo dragon completely misses you.
You claw the komodo dragon!
The komodo dragon is severely wounded.
The komodo dragon completely misses you.
You barely miss the komodo dragon.
The komodo dragon is severely wounded.
You claw the komodo dragon!
The komodo dragon is almost dead.
Your shroud unravels.
The komodo dragon bites you!!
You die...

###......#.# ##
#.........## #P
#/....)..## #.
##?......## ##.
##........# ##..
#.........## #P..
..#.#.......# #####...
............#.#P#.#.....
......l@................
........................
......%.................
........................
........................
........................
..........(.............
............P##.####....
##...


You could see a komodo dragon.

Vanquished Creatures
  Nergalle (D:10)
  A fire crab (D:10)
  A centaur zombie (D:10)
  3 spiny frogs
  2 komodo dragons
  A troll (D:10)
  A queen bee (D:7)
  The ghost of Mryle the Covert, a novice SpEn of Gozag (D:5)
  A polar bear (Lair:2)
  4 hippogriffs
  3 blink frogs (Lair:1)
  A hungry ghost (D:6)
  Eustachio (D:4)
  5 porcupines
  2 water moccasins
  3 orc warriors
  A hornet zombie (D:7)
  4 sky beasts
  An ice beast (D:5)
  A black bear (D:10)
  2 ogres
  4 phantoms
  4 centaurs
  6 crocodiles
  3 big kobolds
  10 bullfrogs
  5 scorpions
  31 killer bees
  14 wights
  2 howler monkeys
  2 quasits
  A bullfrog zombie (D:6)
  4 jellies
  4 crimson imps
  10 orc priests
  4 hounds
  Crazy Yiuf (D:3)
  11 orc wizards
  A bullfrog skeleton (D:4)
  Ijyb (D:3)
  6 worker ants
  Natasha (thrice) (D:4)
  3 iguanas
  A killer bee zombie (D:10)
  9 gnolls
  13 adders
  A shadow imp (D:6)
  2 worms
  3 dart slugs
  4 leopard geckos
  31 orcs
  7 giant cockroaches
  11 hobgoblins
  12 jackals
  19 kobolds
  A quokka (D:10)
  A ball python (D:5)
  10 bats
  2 frilled lizards (D:1)
  9 goblins
  7 rats
  A fungus (D:3)
314 creatures vanquished.

Vanquished Creatures (others)
  5 dream sheep (D:8)
  16 fungi
  8 plants
29 creatures vanquished.

Grand Total: 343 creatures vanquished

Notes
Turn   | Place    | Note
-------+----------+-------------------------------------------
     0 | D:1      | Descartes the Felid Skald began the quest for the Orb.
     0 | D:1      | Reached XP level 1. HP: 9/9 MP: 4/4
   147 | D:1      | Reached XP level 2. HP: 9/13 MP: 0/6
   149 | D:1      | Reached skill level 1 in Stealth
   490 | D:1      | Learned a level 2 spell: Shroud of Golubria
   867 | D:2      | Reached XP level 3. HP: 12/16 MP: 1/7
  1445 | D:2      | Found an iron altar of Okawaru.
  1736 | D:3      | Reached XP level 4. HP: 19/19 MP: 5/8
  1768 | D:3      | Noticed Ijyb
  1781 | D:3      | Reached skill level 1 in Translocations
  1785 | D:3      | Killed Ijyb
  1986 | D:3      | Found a faded altar of an unknown god.
  2181 | D:3      | Reached XP level 5. HP: 17/23 MP: 0/9
  2339 | D:3      | Learned a level 3 spell: Regeneration
  2342 | D:3      | Learned a level 2 spell: Song of Slaying
  2821 | D:3      | Found a runed translucent door.
  2821 | D:3      | Noticed Crazy Yiuf
  2838 | D:3      | Killed Crazy Yiuf
  3025 | D:3      | Gained mutation: You possess an exceptional clarity of
                  | mind. [potion of mutation]
  3081 | D:4      | Gained mutation: You are covered in thick fur. (AC +2)
                  | [Felid growth]
  3081 | D:4      | Reached XP level 6. HP: 27/27 MP: 7/10
  3442 | D:4      | Reached skill level 1 in Evocations
  3518 | D:4      | Noticed Natasha
  3531 | D:4      | Killed Natasha
  3630 | D:4      | Reached skill level 5 in Dodging
  3800 | D:4      | Noticed Natasha
  4060 | D:4      | Noticed Eustachio
  4527 | D:4      | Found a staircase to the Ecumenical Temple.
  4569 | D:4      | Reached XP level 7. HP: 24/31 MP: 10/12
  4644 | Temple   | Entered the Ecumenical Temple
  4785 | Temple   | Became a worshipper of Elyvilon the Healer
  4859 | D:4      | Killed Natasha
  4976 | D:5      | Entered Level 5 of the Dungeon
  5140 | D:5      | Reached * piety under Elyvilon
  5387 | D:5      | Found a runed translucent gate.
  5388 | D:5      | Found a runed translucent gate.
  5389 | D:5      | Found a runed translucent gate.
  5391 | D:5      | Noticed Mryle's ghost (novice SpEn)
  5626 | D:5      | Reached skill level 5 in Stealth
  5958 | D:4      | Noticed Natasha
  5971 | D:4      | Killed Natasha
  6063 | D:5      | Reached XP level 8. HP: 17/34 MP: 3/13
  6143 | D:5      | Reached skill level 5 in Charms
  6340 | D:5      | Reached ** piety under Elyvilon
  7262 | D:5      | Killed Mryle's ghost
  7274 | D:5      | Reached skill level 5 in Unarmed Combat
  7668 | D:4      | Found a staircase to the Ecumenical Temple.
  8339 | D:3      | Found a faded altar of an unknown god.
  8600 | D:4      | Killed Eustachio
  8909 | D:4      | Found a staircase to the Ecumenical Temple.
 11134 | D:6      | Reached XP level 9. HP: 39/39 MP: 11/14
 11673 | D:7      | Found a hide-covered altar of Uskayaw.
 12399 | D:7      | Reached skill level 5 in Fighting
 12564 | D:7      | Found an ancient bone altar of Kikubaaqudgha.
 12565 | D:7      | Found a bloodstained altar of Trog.
 12900 | D:7      | Reached *** piety under Elyvilon
 14632 | D:8      | Reached XP level 10. HP: 44/44 MP: 12/15
 14713 | D:8      | Reached **** piety under Elyvilon
 14877 | D:8      | Reached skill level 5 in Translocations
 15191 | D:8      | Found a shimmering altar of Xom.
 15631 | D:8      | Learned a level 4 spell: Ice Form
 17266 | D:9      | Found a blossoming altar of Fedhas.
 17910 | D:9      | Reached skill level 10 in Stealth
 17959 | D:9      | Found an ornate altar of the Wu Jian Council.
 17983 | D:9      | Found a snail-covered altar of Cheibriados.
 17983 | D:9      | Found Cheibriados's Comfort Zone.
 18471 | D:9      | Reached skill level 10 in Dodging
 18662 | D:10     | Entered Level 10 of the Dungeon
 18728 | D:10     | Found a runed translucent door.
 18732 | D:10     | Found the +10 large shield of Ignorance {rN+ Int-4}
 18756 | D:10     | Noticed Nergalle
 18757 | D:10     | Found a runed translucent door.
 18768 | D:10     | Noticed an orange crystal statue
 18769 | D:10     | Killed Nergalle
 18805 | D:10     | Found a staircase to the Lair.
 18948 | D:10     | Found a runed translucent door.
 18951 | D:10     | Reached ***** piety under Elyvilon
 19250 | D:10     | Learned a level 3 spell: Inner Flame
 19253 | D:10     | Learned a level 2 spell: Slow
 19289 | D:10     | Found a shimmering blue altar of Sif Muna.
 19300 | D:10     | Slain by a troll
 19301 | D:10     | Reached XP level 9. HP: -2/40 MP: 13/16
 19584 | D:10     | Killed a troll
 19632 | D:10     | Reached XP level 10. HP: 40/44 MP: 12/17
 19680 | D:10     | Reached skill level 1 in Hexes
 20086 | D:10     | Identified the cursed +1 rapier of Tenacity {pierce, rC+++
                  | Str-4 Int-2 SInv}
 20791 | D:10     | Found a staircase to the Orcish Mines.
 20896 | D:10     | Noticed a fire crab
 20923 | Lair:1   | Entered Level 1 of the Lair of Beasts
 20990 | Lair:1   | Noticed a spiny frog
 21041 | D:10     | Killed a spiny frog
 21857 | D:10     | Killed a fire crab
 21864 | D:10     | Noticed an entropy weaver
 22240 | D:10     | Noticed a fire crab
 22240 | D:10     | Noticed a fire crab
 22284 | Lair:1   | Reached skill level 5 in Spellcasting
 22309 | Lair:1   | Reached skill level 10 in Unarmed Combat
 22467 | Lair:1   | Elyvilon protects you from harm!
 22467 | Lair:1   | Slain by a hippogriff
 22468 | Lair:1   | Reached XP level 9. HP: -5/40 MP: 10/17
 22486 | Lair:1   | HP: 1/40 [porcupine's spines (12)]
 22550 | Lair:1   | Reached XP level 10. HP: 17/44 MP: 11/18
 23305 | Lair:2   | Noticed a spiny frog
 23311 | Lair:2   | Noticed a spiny frog
 23316 | Lair:2   | Killed a spiny frog
 23325 | Lair:2   | Killed a spiny frog
 23332 | Lair:2   | Learned a level 5 spell: Summon Mana Viper
 23441 | Lair:2   | Found a hole to the Spider Nest.
 23441 | Lair:2   | Noticed an orb spider
 23600 | Lair:2   | Mangled by a komodo dragon

Levels and vault maps discovered:
D:1:      erik_arrival_triangle_medium, layout_rooms
D:2:      layout_basic, okawaru_metal_pillars_3
D:3:      layout_rooms, chequers_ecumenical_altar_island, first_ration,
          uniq_ijyb, uniq_crazy_yiuf_cottage
D:4:      layout_loops_ring, minmay_temple_entry_glassed_door, sigmund_army,
          uniq_natasha, uniq_eustachio
D:5:      layout_layer_cave, gammafunk_ghost_nasty_kobolds
D:6:      layout_cave_pools
D:7:      layout_layer_cave, lemuel_crystal_altar, minitemple
D:8:      layout_layer_cave, kb_xom_exploding_sheep, david_nohive_1
D:9:      layout_basic, kennysheep_little_box, lemuel_round_altar,
          minmay_shop_chei, hangedman_decor_diamond_cutter
D:10:     gammafunk_mikee_crab_dinner, layout_loops_ring,
          due_lair_maze_entry_diamond, david_orc_4, basic_altar,
          chequers_guarded_unrand_ignorance, uniq_nergalle
D:11:     layout_rooms, uniq_josephine
Temple:   eino_temple_scatter_basement
Lair:1:   layout_cave_shapes, grunt_megastairs_4
Lair:2:   layout_hall_layers, nicolae_spider_entry_orb_guardian

Skill      XL: |  1  2  3  4  5  6  7  8  9 10 |
---------------+-------------------------------+-----
Stealth        | 1 2 3 4 5 7 9 11 | 11.5
Dodging        | 4 5 6 7 9 11 | 11.1
Translocations | 1 2 3 4 6 |  6.0
Charms         | 4 5 6 |  6.1
Unarmed Combat | 3 4 5 8 10 | 10.4
Evocations     | 1 2 4 |  4.9
Fighting       | 3 4 5 |  5.1
Spellcasting   | 3 5 |  5.0
Hexes          | 4 |  4.5
Necromancy     | |  0.6

Action                   |  1- 3 |  4- 6 |  7- 9 | 10-12 || total
-------------------------+-------+-------+-------+-------++-------
Melee: Unarmed           |    87 |   210 |   590 |   609 ||  1496
       Bite              |     4 |    12 |    49 |    54 ||   119
       Punch             |       |     2 |    14 |    18 ||    34
 Cast: Infusion          |    21 |    11 |    28 |    16 ||    76
       Shroud of Golubri |     3 |    25 |    79 |    73 ||   180
       Song of Slaying   |       |     2 |     9 |    14 ||    25
       Regeneration      |       |     2 |       |       ||     2
       Slow              |       |       |       |     1 ||     1
Invok: Lesser Healing    |       |       |     4 |       ||     4
Evoke: Wand              |       |       |     1 |    11 ||    12
  Use: Scroll            |     4 |     2 |     4 |    15 ||    25
       Potion            |       |     3 |     2 |     5 ||    10
 Stab: Sleeping          |     7 |     3 |     8 |    13 ||    31
       Distracted        |       |       |       |     2 ||     2
  Eat: Chunk             |     9 |     6 |    32 |    33 ||    80
Armor: Skin              |     8 |    17 |    35 |   145 ||   205
Dodge: Dodged            |    65 |   157 |   598 |   733 ||  1553
